 Dungeon Crawl Stone Soup version 0.20-a0-351-gc9b4002 (webtiles) character file.

7827 siimphh the Basher (level 11, 0/68 HPs)
             Began as a Gargoyle Fighter on Dec 24, 2016.
             Was an Elder of Trog.
             Killed from afar by Psyche (7 damage)
             ... with a magic dart
             ... on level 10 of the Dungeon on Dec 25, 2016.
             The game lasted 01:45:19 (8603 turns).

siimphh the Basher (Gargoyle Fighter)               Turns: 8603, Time: 01:45:20

Health: 0/68       AC:  0    Str: 22    XL:     11   Next: 21%
Magic:  12/12      EV: 15    Int:  8    God:    Trog [****..]
Gold:   605        SH:  0    Dex: 11    Spells: 10/10 levels left

rFire  . . .     SeeInvis .     (weapon currently unavailable)
rCold  . . .     Gourm    .     (armour currently unavailable)
rNeg   + . .     Faith    .     (shield currently unavailable)
rPois  ∞         Spirit   .     (helmet currently unavailable)
rElec  .         Reflect  .     (cloak currently unavailable)
rCorr  .         Harm     .     (gloves currently unavailable)
MR     .....                    (boots currently unavailable)
Stlth  ++........               (no amulet)
                                (ring currently unavailable)
                                (ring currently unavailable)

@: pig-form (expiring), very slightly contaminated, hasted, very quick
A: negative energy resistance 1, (electricity resistance), (unbreathing),
petrification resistance, rot immunity, AC +7
a: Berserk, Trog's Hand, Brothers in Arms, Burn Spellbooks, Renounce Religion


You were on level 10 of the Dungeon.
You worshipped Trog.
Trog was greatly pleased with you.
You were not hungry.
You were a filthy swine.
You visited 2 branches of the dungeon, and saw 11 of its levels.

You collected 605 gold pieces.

Inventory:

Hand Weapons
 a - a +1 flail (melded)
 r - the +10 hand axe of Putrescence {chop, MR+ Dex+4, unknown}
   (You found it on level 6 of the Dungeon)

   It inflicts extra damage upon your enemies.
   It affects your dexterity (+4).
   It affects your resistance to hostile enchantments.
 v - a cursed -1 whip
 z - a +1 war axe of freezing
Armour
 b - a +1 scale mail
 c - a +0 shield (melded)
 k - a +0 chain mail (melded)
 F - a +1 cloak (melded)
 U - a +0 helmet (melded)
Jewellery
 e - a +5 ring of strength (melded)
 g - an uncursed ring of protection from cold
 j - an uncursed ring of protection from cold
 w - an uncursed ring of protection from fire
 y - an uncursed ring of resist corrosion
 P - an uncursed ring of fire
 Q - the ring "Xauteim" (melded) {*Tele +Fly}
   (You found it on level 7 of the Dungeon)

   [ring of teleportation]

   It may teleport you next to monsters.
   It lets you fly.
 Z - an uncursed ring of see invisible
Wands
 i - a wand of flame (5/48)
 B - a wand of iceblast (1/15)
 D - a wand of acid (2/15)
 E - a wand of flame (22/48)
 J - a wand of iceblast (4/15)
 R - a wand of flame (13/48)
 S - a wand of iceblast (6/15)
 T - a wand of flame (20/48)
 X - a wand of confusion (15/48)
Scrolls
 l - 4 scrolls of remove curse
 m - 2 scrolls of identify
 p - 4 scrolls of teleportation
 q - a scroll of immolation
 t - 2 scrolls of recharging
 C - 3 scrolls of fear
 M - a scroll of fog
 Y - a scroll of silence
Potions
 o - a potion of flight {unknown}
 u - a potion of berserk rage {unknown}
 A - 2 potions of agility
 G - a potion of brilliance
 H - a potion of might
 I - a potion of lignification {unknown}
 N - a potion of cure mutation {unknown}
 V - a potion of cancellation
Comestibles
 f - 6 bread rations
 h - 5 meat rations
 n - 2 beef jerkies
 s - 2 slices of pizza
 x - 3 royal jellies
 O - 8 fruits


   Skills:
 + Level 8.2 Fighting
 + Level 10.8 Maces & Flails
 + Level 7.1 Armour
 + Level 3.3 Dodging
 + Level 1.9 Stealth
 + Level 9.8 Shields
 + Level 1.5 Evocations


You had 10 spell levels left.
You didn't know any spells.

Dungeon Overview and Level Annotations

Branches:
Dungeon (10/15)            Temple (1/1) D:5            Lair (0/6) D:10
    Orc: D:9-12

Altars:
Ashenzari
Cheibriados
Dithmenos
Elyvilon
Fedhas
Gozag
Hepliaklqana
Kikubaaqudgha
Makhleb
Nemelex Xobeh
Okawaru
Qazlal
Ru
Sif Muna
Trog
Uskayaw
Vehumet
Xom
Yredelemnul
Zin
The Shining One

Shops:
D:4 !   D:7 [

Annotations:
D:7 quicksilver dragon scale
D:10 exclusion: oklob plant, Psyche


Innate Abilities, Weirdness & Mutations

You are resistant to torment.
((Your stone body is resilient. (AC +7)))
You are immune to poison.
You resist negative energy. (rN+)
((You are resistant to electric shocks. (rElec)))
((You can survive without breathing.))
You are immune to petrification.
You are immune to rotting.


Message History

The bullfrog closely misses you.
Found a stone staircase leading down.
Things that are here:
a falchion; a ring mail; a bullfrog corpse Psyche casts a spell.
There is an open door, spattered with blood here.
Things that are here:
a giant spiked club; a giant club You feel yourself speed up.
The bullfrog hits you!
* * * LOW HITPOINT WARNING * * *
You are very lightly contaminated with residual magic.
Psyche mumbles some strange words.
Psyche zaps a wand.
You easily resist.
You see here 2 stones.
You see here a stone.
Your transformation is almost over.
There is a stone staircase leading up here.
Psyche gestures at you while chanting. The magic dart hits you!
You die...

###### ########### #......#
.....####.........# #....(<#
.....##.'.........#
#...(..###
.....##.#.........#
#......'.##
.....##.#.........#
+......#...
.....##.#.........#
#......###.
.....##.#.........+ #....K"#
## .....##.#.........#
#......# .....##.#.......h.#
#......# ........#.........#
#....z.# .>)..####.........#
#......# .....# #.....(...#
###K#### ###### #####F.####
###z.# ###..@### #...## ###
#.......# #.### ..####
#....(..# ###.######
..'..####.......####........#


You could see Psyche and a bullfrog.

Vanquished Creatures
  Erica (D:9)
  3 two-headed ogres
  A tengu warrior (D:9)
  A tengu conjurer (D:10)
  Prince Ribbit (D:8)
  A hippogriff (D:9)
  A spriggan (D:7)
  A hungry ghost (D:8)
  2 ice beasts
  A black bear (D:9)
  4 phantoms
  2 sky beasts
  6 ogres
  3 centaurs
  A big kobold (D:10)
  2 bullfrogs
  2 scorpions
  3 killer bees (D:7)
  4 wights
  4 crimson imps
  A centaur zombie (D:8)
  A bullfrog zombie (D:8)
  7 hounds
  3 jellies (D:7)
  12 orc wizards
  5 orc priests
  3 bullfrog skeletons
  A centaur skeleton (D:7)
  2 iguanas
  8 worker ants
  A hound zombie (D:9)
  A hound skeleton (D:5)
  2 worker ant zombies
  2 howler monkey skeletons
  7 gnolls
  10 adders
  A shadow imp (D:5)
  An adder skeleton (D:8)
  5 worms
  2 dart slugs (D:2)
  7 leopard geckos
  21 orcs
  10 bats
  5 giant cockroaches
  5 goblins
  5 hobgoblins
  7 jackals
  13 kobolds
  6 quokkas
  4 frilled lizards
  A jackal skeleton (D:4)
  A quokka zombie (D:9)
  4 rats
  A plant (D:7)
209 creatures vanquished.

Notes
Turn   | Place    | Note
-------+----------+-------------------------------------------
     0 | D:1      | siimphh the Gargoyle Fighter began the quest for the Orb.
     0 | D:1      | Reached XP level 1. HP: 14/14 MP: 1/1
   332 | D:1      | Found a glowing golden altar of the Shining One.
   420 | D:1      | Reached XP level 2. HP: 19/19 MP: 2/2
   851 | D:2      | Reached XP level 3. HP: 22/23 MP: 3/3
  1208 | D:2      | Reached XP level 4. HP: 27/29 MP: 4/4
  1443 | D:2      | Reached skill level 3 in Maces & Flails
  1523 | D:2      | Found a bloodstained altar of Trog.
  1554 | D:2      | Became a worshipper of Trog the Wrathful
  1643 | D:2      | Reached XP level 5. HP: 33/33 MP: 5/5
  1812 | D:2      | Found a sacrificial altar of Ru.
  1812 | D:2      | Found a shadowy altar of Dithmenos.
  1913 | D:3      | Found a white marble altar of Elyvilon.
  2091 | D:3      | Found a stormy altar of Qazlal.
  2561 | D:4      | Found a basalt altar of Yredelemnul.
  2609 | D:3      | Reached skill level 4 in Maces & Flails
  2609 | D:3      | Reached skill level 1 in Dodging
  2641 | D:4      | Reached XP level 6. HP: 30/38 MP: 6/6
  2650 | D:4      | HP: 1/38 [orc wizard/magic dart (4)]
  2857 | D:4      | Noticed a phantom
  3134 | D:4      | Found Tokooqots's Distillery.
  3352 | D:5      | Entered Level 5 of the Dungeon
  3393 | D:5      | Noticed a phantom
  3396 | D:5      | Reached * piety under Trog
  3409 | D:5      | Reached XP level 7. HP: 33/44 MP: 7/7
  3433 | D:5      | Reached skill level 5 in Maces & Flails
  3433 | D:5      | Reached skill level 5 in Shields
  3929 | D:5      | Found a staircase to the Ecumenical Temple.
  4101 | D:5      | Reached XP level 8. HP: 48/48 MP: 8/8
  4141 | D:5      | Reached skill level 6 in Maces & Flails
  4344 | D:5      | Found an ancient bone altar of Kikubaaqudgha.
  4512 | Temple   | Entered the Ecumenical Temple
  4799 | D:6      | Got a blackened hand axe
  4843 | D:5      | Reached skill level 5 in Fighting
  4843 | D:5      | Reached skill level 5 in Armour
  4910 | D:6      | Reached ** piety under Trog
  5047 | D:6      | Reached skill level 7 in Maces & Flails
  5162 | D:6      | Found a deep blue altar of Sif Muna.
  5324 | D:6      | Reached skill level 1 in Stealth
  5482 | D:7      | Got a vibrating pewter ring
  5483 | D:7      | Identified the ring "Xauteim" {*Tele +Fly} (You found it on level 7 of the Dungeon)
  5488 | D:7      | Upgraded the game from 0.20-a0-350-ga83eecc to 0.20-a0-351-gc9b4002
  5598 | D:7      | Reached XP level 9. HP: 40/54 MP: 9/9
  5644 | D:7      | Found Senkat's Antique Armour Boutique.
  5781 | D:7      | Reached skill level 8 in Maces & Flails
  6136 | D:8      | Noticed a two-headed ogre
  6156 | D:8      | Killed a two-headed ogre
  6156 | D:8      | Reached skill level 9 in Maces & Flails
  6336 | D:8      | Noticed Prince Ribbit
  6345 | D:8      | Reached skill level 1 in Evocations
  6345 | D:8      | Reached XP level 10. HP: 44/61 MP: 10/10
  6456 | D:8      | Killed Prince Ribbit
  6456 | D:8      | Reached *** piety under Trog
  6649 | D:8      | Found an iron altar of Okawaru.
  6842 | D:9      | Found a radiant altar of Vehumet.
  6944 | D:9      | Found a hide-covered altar of Uskayaw.
  6946 | D:9      | Noticed a two-headed ogre
  6963 | D:9      | Killed a two-headed ogre
  6963 | D:9      | Reached skill level 10 in Maces & Flails
  7569 | D:9      | Reached **** piety under Trog
  7812 | D:10     | Entered Level 10 of the Dungeon
  7812 | D:10     | Noticed a tengu warrior
  7851 | D:9      | Killed a tengu warrior
  8120 | D:10     | Found a staircase to the Lair.
  8123 | D:10     | Noticed an oklob plant
  8245 | D:10     | Noticed Erica
  8282 | D:9      | Killed Erica
  8282 | D:9      | Reached XP level 11. HP: 49/68 MP: 10/12
  8470 | D:10     | Noticed a two-headed ogre
  8495 | D:10     | Killed a two-headed ogre
  8549 | D:10     | Noticed Psyche
  8553 | D:10     | HP: 3/68 [Psyche/puff of frost (7)]
  8603 | D:10     | Killed from afar by Psyche

Vault maps used:
D:1:      sevenhm_arrival_forest_fort_small_6, minmay_stone_trees_small,
          minivault_19, tso_altar
D:2:      gammafunk_temple_overflow_pools, first_bread, trog_hazing_becter
D:3:      old_standard_altar, elyvilon_altar_3
D:4:      yredelemnul_altar_generic, serial_shops, shop
D:5:      kennysheep_mini, minivault_19, grunt_ministairs_5
D:6:      kennysheep_little_box
D:7:      serial_shops, nicolae_shop_overgrown_old_shop, the_bakery
D:8:      okawaru_altar_gauntlet_db, uniq_prince_ribbit1
D:9:      nicolae_overflow_hidden_temple, vehumet_altar_wand_db
D:10:     dpeg_oklobed_lair, serial_shops, nicolae_shop_behind_doors,
          uniq_josephine, uniq_erica, uniq_psyche
Temple:   nicolae_temple_god_jail

Skill      XL: |  1  2  3  4  5  6  7  8  9 10 |
---------------+-------------------------------+-----
Shields        | 4 5 6 7 9 |  9.8
Maces & Flails | 3 4 5 7 9 10 | 10.8
Fighting       | 4 5 6 8 |  8.2
Dodging        | 1 2 3 |  3.3
Armour         | 4 5 7 |  7.1
Stealth        | 1 |  1.9
Evocations     | 1 |  1.5

Action                   |  1- 3 |  4- 6 |  7- 9 | 10-12 || total
-------------------------+-------+-------+-------+-------++-------
Melee: Flail             |    90 |   242 |   398 |   266 ||   996
Invok: Burn Spellbooks   |       |     1 |       |       ||     1
       Berserk           |       |       |     1 |     3 ||     4
Evoke: Wand              |       |       |     5 |     4 ||     9
  Use: Potion            |     3 |     6 |       |     8 ||    17
       Scroll            |       |    13 |     1 |     3 ||    17
 Stab: Confused          |       |       |       |     2 ||     2
  Eat: Chunk             |     1 |     5 |     9 |     6 ||    21
       Bread ration      |       |     1 |       |     2 ||     3
Armor: Scale mail        |    55 |   155 |    40 |       ||   250
       Chain mail        |       |       |   144 |   146 ||   290
       Skin              |       |       |       |     2 ||     2
Dodge: Dodged            |    27 |    79 |   108 |    86 ||   300
Block: Shield            |    51 |   168 |   196 |   170 ||   585
